 Dungeon Crawl Stone Soup version 0.27-a0-1513-g2aaa0cc67b (webtiles) character file.

Game seed: 6711204859251639583

42 lunkers the Insei (level 3, 0/28 HPs)
             Began as a Djinni Warper on July 9, 2021.
             Slain by Sigmund (5 damage)
             ... on level 2 of the Dungeon.
             The game lasted 00:03:44 (2547 turns).

lunkers the Insei (Djinni Warper)                   Turns: 2547, Time: 00:03:45

Health: 0/28       AC:  5    Str: 11    XL:     3   Next: 80%
Gold:   97         EV: 10    Int: 14    God:
                   SH:  0    Dex: 12

rFire    + + .     SeeInvis .     - Unarmed
rCold    x . .     Faith    .   (no shield)
rNeg     . . .     Spirit   .   h - +0 ring mail
rPois    ∞         Reflect  .   (no helmet)
rElec    .         Harm     .   (no cloak)
rCorr    .         Rampage  .   (no gloves)
Will     +....                  (boots unavailable)
Stlth    +.........             (no amulet)
HPRegen  0.09/turn              f - ring of willpower
MPRegen  0.00/turn              (no ring)

@: flying, very slightly contaminated
A: sickness immunity, fire resistance 2, cold vulnerability 1, float, innate
caster, hp casting, extra vitality 1
a: no special abilities


You were on level 2 of the Dungeon.
You visited 1 branch of the dungeon, and saw 2 of its levels.

You collected 97 gold pieces.

Inventory:

Hand Weapons
 k - a +2 short sword of venom
Missiles
 c - 5 boomerangs of dispersal
 e - 39 stones
 n - 16 poisoned darts
Armour
 a - a +0 leather armour
 h - a +0 ring mail (worn)
Jewellery
 f - a ring of willpower (left hand)
 i - an amulet of faith
Scrolls
 b - a scroll of blinking
 d - 2 scrolls of teleportation {unknown}
 l - a scroll of enchant armour {unknown}
 o - a scroll of identify {unknown}
Potions
 g - 2 potions of magic {unknown}
 j - 2 potions of curing {unknown}
 m - a potion of heal wounds {unknown}


   Skills:
 - Level 2.0 Fighting
 - Level 0.7 Throwing
 - Level 1.0 Armour
 - Level 2.1 Dodging
 * Level 3.8 Unarmed Combat
 - Level 2.4 Spellcasting


You couldn't memorise any spells.
You knew the following spells:

 Your Spells              Type           Power      Damage    Failure   Level
a - Sandblast             Erth           16%        2d6       21%         1
b - Lesser Beckoning      Tloc           4%         N/A       52%         3
c - Gell's Gravitas       Tloc           4%         N/A       52%         3
d - Teleport Other        Tloc           8%         N/A       52%         3
e - Manifold Assault      Tloc           8%         N/A       99%         5
p - Blink                 Tloc           N/A        N/A       30%         2
Your spell library was empty.

Dungeon Overview and Level Annotations

Branches:
Dungeon (2/15)

Altars:

Shops:
D:1 :[

Annotations:
D:2 Sigmund


Innate Abilities, Weirdness & Mutations

You are immune to sickness and miasma.
You are immune to poison.
Your flesh is very heat resistant. (rF++)
You are vulnerable to cold. (rC-)
You float through the air rather than walking.
You learn spells naturally, not from books.
Your magical power is your life essence.
You have superior vitality. (+4 HP)


Message History

The blast of sand misses Sigmund.
e - 41 stones
* * * LOW HITPOINT WARNING * * *
Sigmund barely misses you.
Unknown command.
Unknown command.
Casting: Sandblast (safe; 21% risk of failure)
Confirm with . or Enter, or press ? or * to list all spells.
Aiming: Sandblast (safe; 21% risk of failure)
Press: ? - help, Shift-Dir - straight line, f/p - Sigmund
Aim: Sigmund, wielding a +2 scythe of venom and wearing a +0 robe (moderately wounded, 75% to hit)
The blast of sand hits Sigmund.
Sigmund is heavily wounded.
e - 40 stones
* * * LOW HITPOINT WARNING * * *
Sigmund casts a spell.
Sigmund flickers and vanishes!
Deactivating autopickup; reactivate with Ctrl-A.
Unknown command.
Casting: Sandblast (safe; 21% risk of failure)
Confirm with . or Enter, or press ? or * to list all spells.
You can't see any susceptible monsters within range! (Use Z to cast anyway.) Unknown command.
Casting: Sandblast (safe; 21% risk of failure)
Confirm with . or Enter, or press ? or * to list all spells.
Aiming: Sandblast (safe; 21% risk of failure)
Press: ? - help, Shift-Dir - straight line The blast of sand hits something!
e - 39 stones
* * * LOW HITPOINT WARNING * * *
Something hits you.
* * * LOW HITPOINT WARNING * * *
Casting: Sandblast (safe; 21% risk of failure)
Confirm with . or Enter, or press ? or * to list all spells.
Aiming: Sandblast (safe; 21% risk of failure)
Press: ? - help, Shift-Dir - straight line You miscast Sandblast.
Nothing appears to happen.
* * * LOW HITPOINT WARNING * * *
Something hits you.
You die...

#.#.#.#
#.######.#.#. #
#.#.# #......##.#.#
#.#.# ######.###.#.
#.#.# #...##.# #.#
##########.####
#.####..........#
#.#...##.#######..##
#........# #.<.#
#.###@##.# #.#.#
#.##.# #.#.#
#{##.#######.#.###
#.##.##...........
..##.##.####...###
#.##.##.## #...#
#.##.#...###...#
#.##...........#
#...#.##.##..#


There were no monsters in sight!

Vanquished Creatures
  An adder (D:2)
  A dart slug (D:1)
  A ball python (D:2)
  An endoplasm (D:1)
  2 giant cockroaches (D:1)
  3 goblins
  4 hobgoblins
  A quokka (D:1)
  3 bats
  4 frilled lizards
  4 kobolds (D:1)
  5 rats
30 creatures vanquished.

Notes
Turn   | Place    | Note
-------+----------+-------------------------------------------
     0 | D:1      | lunkers the Djinni Warper began the quest for the Orb.
     0 | D:1      | Reached XP level 1. HP: 18/18 MP: 0/0
   462 | D:1      | Reached XP level 2. HP: 22/23 MP: 0/0
   616 | D:1      | Found Hotecw's Book Shop.
   829 | D:1      | Reached skill level 3 in Unarmed Combat
  1325 | D:1      | Reached XP level 3. HP: 20/28 MP: 0/0
  1325 | D:1      | Learned a level 1 spell: Sandblast
  1423 | D:1      | Found a faded altar of an unknown god.
  1671 | D:1      | Found Laohe's Antique Armour Emporium.
  2539 | D:2      | Noticed Sigmund
  2547 | D:2      | Slain by Sigmund

Illustrated notes

Levels and vault maps discovered:
D:1:      wander_arrival_peaceful_grave, layout_basic,
          ebering_ecumenical_altar_hall, serial_shops, shop,
          nicolae_shop_temple_entry_statues_fountains, nrook_uturn
D:2:      minmay_inner_zag, layout_loops_ring, basic_altar, hex_large,
          uniq_sigmund

Skill      XL: |  1  2 |
---------------+-------+-----
Unarmed Combat | 3 |  3.8
Fighting       | |  2.0
Throwing       | |  0.7
Armour         | |  1.0
Dodging        | |  2.1
Spellcasting   | |  2.4

Action                   || total
-------------------------++-------
Melee: Unarmed           ||    92
       Punch             ||     1
 Cast: Sandblast         ||    20
Armor: Leather armour    ||    18
       Ring mail         ||     5
Dodge: Dodged            ||    53

Table legend: (Time is in decaauts)
 A = Elapsed time spent in this place.
 B = Non-inter-level travel time spent in this place.
 C = Inter-level travel time spent in this place.
 D = Time resting spent in this place.
 E = Time spent auto-exploring this place.
 F = Levels seen in this place.
 G = Mean time per level.
                   A        B        C        D        E       F      G
               +--------+--------+--------+--------+--------+-----+--------+
         Total |   2541 |   2431 |    110 |    340 |   1830 |   2 | 1270.5 |
       Dungeon |   2541 |   2431 |    110 |    340 |   1830 |   2 | 1270.5 |
               +--------+--------+--------+--------+--------+-----+--------+

Top non-repeatable levels by time:
     D:1: 2093 daAuts
     D:2: 448 daAuts
